AoeStats
← Nessy

Socotra

506333927Analyzed
4v4 RM · 20d ago on Sep 13, 2026· 36m 39s· 8 players
Game mode
Random Map
Map size
148×148
Population
200
Speed
Normal
Resources
Standard
Victory
Conquest
Starting age
Dark Age
Ending age
Imperial Age
RankedLock teamsTeams togetherTeam positionsShared explorationLock speedFull tech treeHidden civsTurbo modeCheats
Victory
Defeat
🇺🇸 Malay · United States
1534
+16
🇲🇽 Mongols · Mexico
1525
+16
1483
+18
🇲🇽 Persians · Mexico
1480
+18
🇦🇺 Goths · Australia
1605
-20
🇦🇺 Khitans · Australia
1544
-18
🇦🇺 Persians · Australia
1525
-17
🇦🇺 Celts · Australia
1426
-13
DS_Gabo
1:22 Loom
9:07 Loom
9:10 Loom
11:22 Feudal Age
16:28 Castle Age
22:08 Scale Barding Armor
26:23 Husbandry
29:26 Fletching
29:50 Forging
32:14 Wheelbarrow
33:50 Double-Bit Axe
VNaif
2:04 Loom
14:05 Feudal Age
23:08 Fletching
32:29 Castle Age
32:44 Town Watch
32:50 Double-Bit Axe
32:31 Crossbowman
33:08 Bodkin Arrow
33:58 Bow Saw
DSLGTCD
5:20 Loom
CTM | black forest best map
7:13 Loom
9:51 Feudal Age
10:22 Horse Collar
10:28 Double-Bit Axe
18:04 Fletching
21:08 Wheelbarrow
20:26 Gold Mining
20:51 Padded Archer Armor
25:08 Castle Age
25:15 Crossbowman
25:52 Bodkin Arrow
26:17 Bow Saw
26:01 Stone Mining
26:13 Heavy Plow
26:24 Thumb Ring
28:43 Ballistics
29:08 Hand Cart
29:30 Leather Archer Armor
33:40 Squires
34:07 Scale Mail Armor
34:17 Forging
35:30 Stone Shaft Mining
35:13 Chain Mail Armor
Nessy
4:38 Loom
22:56 Feudal Age
26:24 Castle Age
25:15 Scale Barding Armor
25:21 Forging
27:44 Chain Barding Armor
TDI
0:42 Loom
19:38 Feudal Age
24:30 Castle Age
Top Geary
6:20 Loom
9:29 Feudal Age
10:09 Double-Bit Axe
10:40 Domestication
15:53 Forging
19:57 Wheelbarrow
24:09 Castle Age
22:27 Gold Mining
23:45 Scale Barding Armor
24:54 Husbandry
25:25 Chain Barding Armor
34:41 Scale Mail Armor
36:12 Iron Casting
Matthew
7:40 Loom
10:11 Feudal Age
13:16 Fletching
21:45 Scale Mail Armor
24:01 Castle Age
22:33 Padded Archer Armor
22:51 Man-at-Arms
24:15 Forging
24:26 Crossbowman
25:04 Pikeman
26:55 Bodkin Arrow
32:04 Ballistics
Connection lost

Rejoining the realm…

Still unreachable

The connection could not be restored.

Session expired

The server has moved on; the page needs a fresh start.